PL
ATLANTA SMOKE @ BUCKHEAD BOWTIES
08/14/2021
 
TOP OF THE 1ST
Atlanta Smoke batting - Pitching for Buckhead Bowties : LHP Manuel Rojas
Pitching: LHP Manuel Rojas
Batting: LHB Albert Morán 0-0: Swinging Strike
0-1: Fly out, F6 (Popup, 56)
Batting: RHB Cale Sutton 0-0: Ball
1-0: Fly out, F9 (Flyball, 89M)
Batting: RHB Bob Campbell 0-0: Called Strike
0-1: Foul Ball, location: 2F
0-2: Strikes out swinging
Top of the 1st over - 0 run(s), 0 hit(s), 0 error(s), 0 left on base; Atlanta 0 - Buckhead 0
BOTTOM OF THE 1ST
Buckhead Bowties batting - Pitching for Atlanta Smoke : RHP Christian Bates
Pitching: RHP Christian Bates
Batting: RHB John Downing 0-0: Ball
1-0: Foul Ball, location: 2F
1-1: Fly out, F8 (Flyball, 8RXD)
Batting: LHB Neil Lawson 0-0: Swinging Strike
0-1: Ball
1-1: Fly out, F3 (Line Drive, 34)
Batting: LHB Min-heui Im 0-0: Ball
1-0: Ball
2-0: Called Strike
2-1: SINGLE (Groundball, 4MD)
Batting: LHB Tony Martínez 0-0: Fly out, F8 (Flyball, 8LM)
Bottom of the 1st over - 0 run(s), 1 hit(s), 0 error(s), 1 left on base; Atlanta 0 - Buckhead 0
TOP OF THE 2ND
Atlanta Smoke batting - Pitching for Buckhead Bowties : LHP Manuel Rojas
Batting: LHB Mike Silver 0-0: Ball
1-0: Foul Ball, location: 2F
1-1: Ball
2-1: Ball
3-1: Foul Ball, location: 2F
3-2: Foul Ball, location: 2F
3-2: Strikes out swinging
Batting: LHB Armando Esparza 0-0: Foul Ball, location: 2F
0-1: SINGLE (Flyball, 7LM)
Batting: RHB Nathan Horton 0-0: Fly out, F9 (Line Drive, 9M)
Batting: RHB Chae-hyeong Kim 0-0: Ball
1-0: Called Strike
1-1: Called Strike
1-2: Ball
2-2: Reached on error, E6 (Groundball, 6)
Armando Esparza to third
Batting: RHB Daniel Rose 0-0: Ball
1-0: Called Strike
1-1: Swinging Strike
1-2: Strikes out looking
Top of the 2nd over - 0 run(s), 1 hit(s), 1 error(s), 2 left on base; Atlanta 0 - Buckhead 0
BOTTOM OF THE 2ND
Buckhead Bowties batting - Pitching for Atlanta Smoke : RHP Christian Bates
Batting: RHB Dave King 0-0: Called Strike
0-1: Called Strike
0-2: Strikes out looking
Batting: RHB Gabriel Rodríguez 0-0: Ground out 6-3 (Groundball, 6)
Batting: RHB Chandler Bailey 0-0: Ball
1-0: Foul Ball, location: 2F
1-1: Ball
2-1: Swinging Strike
2-2: Strikes out swinging
Bottom of the 2nd over - 0 run(s), 0 hit(s), 0 error(s), 0 left on base; Atlanta 0 - Buckhead 0
TOP OF THE 3RD
Atlanta Smoke batting - Pitching for Buckhead Bowties : LHP Manuel Rojas
Batting: LHB Mike Blue 0-0: Ball
1-0: Ball
2-0: Called Strike
2-1: Swinging Strike
2-2: Ball
3-2: Ground out 4-3 (Groundball, 34)
Batting: LHB Albert Morán 0-0: Ball
1-0: Ball
2-0: Called Strike
2-1: Fly out, F4 (Popup, 34D)
Batting: RHB Cale Sutton 0-0: Ball
1-0: Ball
2-0: Called Strike
2-1: Ball
3-1: Called Strike
3-2: Base on Balls
Batting: RHB Bob Campbell 0-0: Ball
1-0: Ball
2-0: Called Strike
2-1: Called Strike
2-2: Ball
3-2: Strikes out swinging
Top of the 3rd over - 0 run(s), 0 hit(s), 0 error(s), 1 left on base; Atlanta 0 - Buckhead 0
BOTTOM OF THE 3RD
Buckhead Bowties batting - Pitching for Atlanta Smoke : RHP Christian Bates
Batting: RHB Pedro Morales 0-0: Swinging Strike
0-1: Swinging Strike
0-2: Ball
1-2: Strikes out swinging
Batting: RHB Joe Shaw 0-0: Foul Ball, location: 2F
0-1: Foul Ball, location: 2F
0-2: Ball
1-2: Ground out 6-3 (Groundball, 56)
Batting: RHB John Downing 0-0: Foul Ball, location: 2F
0-1: Foul Ball, location: 2F
0-2: Ball
1-2: Ball
2-2: Foul Ball, location: 2F
2-2: Foul Ball, location: 2F
2-2: Ball
3-2: Ground out 5-3 (Groundball, 6)
Bottom of the 3rd over - 0 run(s), 0 hit(s), 0 error(s), 0 left on base; Atlanta 0 - Buckhead 0
TOP OF THE 4TH
Atlanta Smoke batting - Pitching for Buckhead Bowties : LHP Manuel Rojas
Batting: LHB Mike Silver 0-0: Called Strike
0-1: Foul Ball, location: 2F
0-2: Strikes out looking
Batting: LHB Armando Esparza 0-0: Called Strike
0-1: Foul Ball, location: 2F
0-2: Ball
1-2: Foul Ball, location: 2F
1-2: Ball
2-2: SINGLE (Line Drive, 4M)
Batting: RHB Nathan Horton 0-0: Fly out, F9 (Flyball, 9M)
0-0: Fly out, F9 (Flyball, 9M)
Batting: RHB Chae-hyeong Kim 0-0: Ball
1-0: Ball
2-0: Foul Ball, location: 2F
2-1: Ball
3-1: Fly out, F9 (Popup, 9LS)
Top of the 4th over - 0 run(s), 1 hit(s), 0 error(s), 1 left on base; Atlanta 0 - Buckhead 0
BOTTOM OF THE 4TH
Buckhead Bowties batting - Pitching for Atlanta Smoke : RHP Christian Bates
Batting: LHB Neil Lawson 0-0: Called Strike
0-1: Ball
1-1: Swinging Strike
1-2: Strikes out swinging
Batting: LHB Min-heui Im 0-0: DOUBLE (Flyball, 89D)
Batting: LHB Tony Martínez 0-0: Ball
Wild Pitch!
Min-heui Im to third
1-0: Called Strike
1-1: Ball
2-1: Fly out, F8 (Flyball, 89D)
Runner from 3rd tags up, SCORES, no throw
Batting: RHB Dave King 0-0: Ball
1-0: Foul Ball, location: 2F
1-1: Fly out, F7 (Flyball, 7S)
Bottom of the 4th over - 1 run(s), 1 hit(s), 0 error(s), 0 left on base; Atlanta 0 - Buckhead 1
TOP OF THE 5TH
Atlanta Smoke batting - Pitching for Buckhead Bowties : LHP Manuel Rojas
Batting: RHB Daniel Rose 0-0: Ball
1-0: Ball
2-0: Called Strike
2-1: Foul Ball, location: 2F
2-2: Ground out 6-3 (Groundball, 6)
Batting: LHB Mike Blue 0-0: Swinging Strike
0-1: Ball
1-1: Foul Ball, location: 2F
1-2: Strikes out looking
Batting: LHB Albert Morán 0-0: Ball
1-0: Foul Ball, location: 2F
1-1: SINGLE (Groundball, 34D)
Batting: RHB Cale Sutton 0-0: Called Strike
0-1: Fielders Choice at 2nd, U4 (Groundball, 4M)
Top of the 5th over - 0 run(s), 1 hit(s), 0 error(s), 1 left on base; Atlanta 0 - Buckhead 1
BOTTOM OF THE 5TH
Buckhead Bowties batting - Pitching for Atlanta Smoke : RHP Christian Bates
Batting: RHB Gabriel Rodríguez 0-0: Ball
1-0: Ground out 6-3 (Groundball, 6)
Batting: RHB Chandler Bailey 0-0: Ball
1-0: Ball
2-0: Ball
3-0: Base on Balls
Batting: RHB Pedro Morales 0-0: Ball
1-0: Foul Ball, location: 2F
1-1: Called Strike
1-2: Ball
2-2: Ball
3-2: Grounds into double play, 6-4-3 (Groundball, 6)
Bottom of the 5th over - 0 run(s), 0 hit(s), 0 error(s), 0 left on base; Atlanta 0 - Buckhead 1
TOP OF THE 6TH
Atlanta Smoke batting - Pitching for Buckhead Bowties : LHP Manuel Rojas
Batting: RHB Bob Campbell 0-0: Ball
1-0: Ball
2-0: Called Strike
2-1: Called Strike
2-2: Ball
3-2: Foul Ball, location: 2F
3-2: SINGLE (Flyball, 89S)
Batting: LHB Mike Silver 0-0: Called Strike
0-1: Fielders Choice at 2nd, 6-4 (Groundball, 6)
Batting: LHB Armando Esparza 0-0: Ball
1-0: Called Strike
1-1: Ball
Mike Silver is caught stealing 2nd base
2-1: Ground out 4-3 (Groundball, 13)
Top of the 6th over - 0 run(s), 1 hit(s), 0 error(s), 0 left on base; Atlanta 0 - Buckhead 1
BOTTOM OF THE 6TH
Buckhead Bowties batting - Pitching for Atlanta Smoke : RHP Christian Bates
Batting: RHB Joe Shaw 0-0: Fly out, F9 (Flyball, 89M)
Batting: RHB John Downing 0-0: Ball
1-0: Called Strike
1-1: Ground out 6-3 (Groundball, 6)
Batting: LHB Neil Lawson 0-0: Ball
1-0: Called Strike
1-1: Called Strike
1-2: Ball
2-2: Fly out, F8 (Flyball, 8RM)
Bottom of the 6th over - 0 run(s), 0 hit(s), 0 error(s), 0 left on base; Atlanta 0 - Buckhead 1
TOP OF THE 7TH
Atlanta Smoke batting - Pitching for Buckhead Bowties : LHP Manuel Rojas
Batting: RHB Nathan Horton 0-0: Foul Ball, location: 2F
0-1: Ball
1-1: Ball
2-1: DOUBLE (Line Drive, 8LM)
Batting: RHB Chae-hyeong Kim 0-0: Called Strike
Nathan Horton steals 3rd base
0-1: Ball
1-1: Swinging Strike
1-2: Strikes out swinging
Batting: RHB Daniel Rose 0-0: Called Strike
0-1: Ball
1-1: Fly out, F6 (Popup, 6MS)
Pinch Hitting: RHB Johnny Foster 0-0: Ground out 4-3 (Groundball, 4)
Top of the 7th over - 0 run(s), 1 hit(s), 0 error(s), 1 left on base; Atlanta 0 - Buckhead 1
BOTTOM OF THE 7TH
Buckhead Bowties batting - Pitching for Atlanta Smoke : RHP Christian Bates
Now at SS: Jake Hutchinson
Batting: LHB Min-heui Im 0-0: Ball
1-0: Ground out 1-3 (Groundball, 13)
Batting: LHB Tony Martínez 0-0: Called Strike
0-1: Ball
1-1: Foul Ball, location: 2F
1-2: Ground out 1-3 (Groundball, 13S)
Batting: RHB Dave King 0-0: Ball
1-0: SINGLE (Groundball, 56S)
Batting: RHB Gabriel Rodríguez 0-0: Ball
1-0: Fly out, F6 (Popup, 6M)
Bottom of the 7th over - 0 run(s), 1 hit(s), 0 error(s), 1 left on base; Atlanta 0 - Buckhead 1
TOP OF THE 8TH
Atlanta Smoke batting - Pitching for Buckhead Bowties : LHP Manuel Rojas
Batting: LHB Albert Morán 0-0: Ball
1-0: SINGLE (Groundball, 4MD)
Batting: RHB Cale Sutton 0-0: Called Strike
0-1: Ball
1-1: Bunt missed!
1-2: Foul Ball, location: 2F
1-2: Ball
2-2: Ball
3-2: Base on Balls
Albert Morán to second
Pitching: RHP Mike Lyon
Batting: RHB Bob Campbell 0-0: Called Strike
0-1: Foul Ball, location: 2F
0-2: SINGLE (Flyball, 89S)
Albert Morán to third
Cale Sutton to second
Pitching: RHP Gene Kirkland
Batting: LHB Mike Silver 0-0: SINGLE (Line Drive, 6M)
Albert Morán scores
Cale Sutton to third
Bob Campbell to second
Batting: LHB Armando Esparza 0-0: Called Strike
0-1: Ball
1-1: Ball
2-1: Fly out, F8 (Flyball, 8RD)
Runner from 3rd tags up, SCORES, no throw
Bob Campbell to third
Batting: RHB Nathan Horton 0-0: Called Strike
Mike Silver steals 2nd base
0-1: SINGLE (Groundball, 4MD)
Bob Campbell scores
Mike Silver to third
Runner from 3rd tries for Home, throw and OUT!
Nathan Horton to second
Batting: RHB Chae-hyeong Kim 0-0: Foul Ball, location: 2F
0-1: Ball
1-1: Foul Ball, location: 2F
1-2: Foul Ball, location: 2F
1-2: Ball
2-2: Foul Ball, location: 2F
2-2: Strikes out swinging
Top of the 8th over - 3 run(s), 4 hit(s), 0 error(s), 1 left on base; Atlanta 3 - Buckhead 1
BOTTOM OF THE 8TH
Buckhead Bowties batting - Pitching for Atlanta Smoke : RHP Christian Bates
Batting: RHB Chandler Bailey 0-0: Ball
1-0: Ground out 4-3 (Groundball, 4)
Batting: RHB Pedro Morales 0-0: Ball
1-0: Ground out 5-3 (Groundball, 5S)
Batting: RHB Joe Shaw 0-0: Ground out 1-3 (Groundball, 13)
Bottom of the 8th over - 0 run(s), 0 hit(s), 0 error(s), 0 left on base; Atlanta 3 - Buckhead 1
TOP OF THE 9TH
Atlanta Smoke batting - Pitching for Buckhead Bowties : RHP Gene Kirkland
Batting: RHB Daniel Rose 0-0: Ball
1-0: Called Strike
1-1: Fly out, F9 (Flyball, 9D)
Batting: RHB Jake Hutchinson 0-0: Called Strike
0-1: Foul Ball, location: 2F
0-2: Ground out 6-3 (Groundball, 6)
Batting: LHB Albert Morán 0-0: Called Strike
0-1: Ball
1-1: Foul Ball, location: 2F
1-2: Ball
2-2: Foul Ball, location: 2F
Reached via error on a dropped throw, E3
Batting: RHB Cale Sutton 0-0: Ball
1-0: Called Strike
1-1: Ball
Albert Morán steals 2nd base
2-1: Ball
3-1: Base on Balls
Batting: RHB Bob Campbell 0-0: Foul Ball, location: 2F
0-1: Swinging Strike
0-2: Foul Ball, location: 2F
0-2: Strikes out swinging
Top of the 9th over - 0 run(s), 0 hit(s), 1 error(s), 2 left on base; Atlanta 3 - Buckhead 1
BOTTOM OF THE 9TH
Buckhead Bowties batting - Pitching for Atlanta Smoke : RHP Christian Bates
Batting: RHB John Downing 0-0: Called Strike
0-1: Ball
1-1: Ball
2-1: Foul Ball, location: 2F
2-2: Foul Ball, location: 2F
2-2: Foul Ball, location: 2F
2-2: Ball
3-2: Strikes out looking
Batting: LHB Neil Lawson 0-0: Foul Ball, location: 2F
0-1: Foul Ball, location: 2F
0-2: Ball
1-2: Strikes out looking
Batting: LHB Min-heui Im 0-0: Ball
1-0: Ball
2-0: Ball
3-0: Called Strike
3-1: SINGLE (Flyball, 9S)
Pitching: RHP Fred Pitts
Batting: LHB Tony Martínez 0-0: Called Strike
0-1: Ball
1-1: Ball
2-1: Swinging Strike
2-2: Strikes out swinging
Bottom of the 9th over - 0 run(s), 1 hit(s), 0 error(s), 1 left on base; Atlanta 3 - Buckhead 1
This league is powered by Out of the Park Baseball, the baseball management simulation game for PC, Mac and Linux
Friday, January 22nd, 2016 - OOTP Baseball 16.9 Build 39